 Dungeon Crawl Stone Soup version 0.25.1-2-g60ff931df9 (webtiles) character file.

Game seed: 7444904742614848309

28359 protoss039 the Thaumaturge (level 12, -9/68 HPs)
             Began as a Deep Elf Earth Elementalist on July 31, 2020.
             Was an Elder of Sif Muna.
             Mangled by a tentacled starspawn (23 damage)
             ... on level 4 of the Abyss.
             The game lasted 01:04:00 (15674 turns).

protoss039 the Thaumaturge (DEEE)                  Turns: 15674, Time: 01:04:00

Health: -9/68      AC:  6    Str:  7    XL:     12   Next: 0%
Magic:  41/44      EV: 13    Int: 35    God:    Sif Muna [****..]
Gold:   2642       SH:  0    Dex: 15    Spells: 14/39 levels left

rFire    x . .     SeeInvis .   p - +3 executioner's axe of the Magic Mushroom {venom, rF- Str+2 Int+9}
rCold    . . .     Gourm    .   (shield currently unavailable)
rNeg     . . .     Faith    .   c - +0 robe
rPois    .         Spirit   .   B - +0 helmet
rElec    .         Reflect  .   (no cloak)
rCorr    .         Harm     .   (no gloves)
MR       +....                  E - +2 pair of boots
Stlth    ++........             u - amulet of magic regeneration
HPRegen  0.21/turn              k - ring of magical power
MPRegen  0.54/turn              w - ring of magical power

@: about to teleport, very slightly contaminated, studying Shields, lightly
drained
A: [low mp 2], [no potion heal 2]
}: 1/15 runes: abyssal
a: Channel Magic, Forget Spell, Divine Exegesis, Renounce Religion


You were on level 4 of the Abyss.
You worshipped Sif Muna.
Sif Muna was greatly pleased with you.
You were very hungry.

You visited 2 branches of the dungeon, and saw 13 of its levels.
You visited the Abyss 1 time.
You also visited: Bailey.

You collected 3020 gold pieces.
You spent 378 gold pieces at shops.

Inventory:

Hand Weapons
 p - the +3 executioner's axe of the Magic Mushroom (weapon) {venom, rF- Str+2 Int+9}
   (You found it in a bailey)

   It poisons the flesh of those it strikes.
   It affects your strength (+2).
   It affects your intelligence (+9).
   It makes you vulnerable to fire.
 L - the +6 long sword "Kino" {protect, rC+}
   (You found it on level 4 of the Dungeon)

   It grants its wielder temporary protection when it strikes (+7 to AC).
   It protects you from cold.
 O - the +8 eveningstar "Conservator" {vamp, rN+ Str+4 Stlth+}
   (You acquired it on level 8 of the Dungeon)

   It inflicts no extra harm, but heals its wielder when it wounds a living foe.
   It affects your strength (+4).
   It protects you from negative energy.
   It makes you more stealthy.
Missiles
 b - 171 stones (quivered)
Armour
 c - a +0 robe (worn)
 g - a +0 buckler
 B - a +0 helmet (worn)
 E - a +2 pair of boots (worn)
Jewellery
 f - an uncursed ring of protection from cold
 k - a ring of magical power (left hand)
 u - an amulet of magic regeneration (around neck)
 w - a ring of magical power (right hand)
 I - an uncursed ring of flight
Wands
 h - a wand of polymorph (16)
 A - a wand of flame (40)
 J - a wand of acid (16)
 K - a wand of iceblast (11)
 N - a wand of digging (3)
 Q - a wand of paralysis (7)
Scrolls
 l - a scroll of blinking
 o - 4 scrolls of fog
 x - 4 scrolls of magic mapping
 y - 8 scrolls of teleportation
 C - 5 scrolls of enchant weapon
 D - 3 scrolls of amnesia
 G - 2 scrolls of remove curse
 S - a scroll of fear
Potions
 a - 3 potions of mutation {unknown}
 e - 2 potions of heal wounds
 i - 7 potions of flight
 j - a potion of magic {unknown}
 m - 2 potions of invisibility {unknown}
 n - a potion of degeneration {unknown}
 q - 5 potions of curing
 s - 4 potions of haste {unknown}
 t - 4 potions of cancellation
 v - 2 potions of brilliance {unknown}
 z - a potion of ambrosia {unknown}
 F - a potion of berserk rage {unknown}
Books
 H - a manual of Shields
Comestibles
 d - 24 rations


   Skills:
 * Level 5.2(5.0) Fighting
 - Level 3.0(2.8) Dodging
 - Level 3.0(2.8) Stealth
 - Level 4.0(3.8) Shields
 + Level 14.4(14.2) Spellcasting
 + Level 5.4(5.2) Conjurations
 - Level 4.0(3.8) Hexes
 - Level 2.0(1.8) Transmutations
 - Level 2.0(1.8) Fire Magic
 - Level 2.0(1.8) Air Magic
 + Level 11.6(11.4) Earth Magic
 - Level 2.0(1.8) Poison Magic
 * Level 6.4(6.2) Invocations


You had 14 spell levels left.
You knew the following spells:

 Your Spells              Type           Power        Failure   Level  Hunger
a - Sandblast             Erth           ######       0%          1    None
b - Passwall              Tmut/Erth      ######..     1%          2    None
c - Stone Arrow           Conj/Erth      ######       1%          3    None
d - Petrify               Tmut/Erth      ######..     1%          4    None
e - Lee's Rapid Deconstr  Erth           #######...   1%          5    None
f - Mephitic Cloud        Conj/Pois/Air  #####...     1%          3    None
g - Inner Flame           Hex/Fire       #####...     1%          3    None
h - Cause Fear            Hex            ######....   3%          4    None

Your spell library contained the following spells:

 Spells                   Type           Power        Failure   Level  Hunger
 Corona                   Hex            ######.      1%          1    None
 Magic Dart               Conj           ####         1%          1    None
 Slow                     Hex            ######..     1%          2    None
 Conjure Flame            Conj/Fire      #####...     1%          3    None
 Leda's Liquefaction      Hex/Erth       ######....   1%          4    None
 Blink                    Tloc           N/A          2%          2    None
 Call Imp                 Summ           ###.....     2%          2    None
 Portal Projectile        Hex/Tloc       #####.       2%          3    None


Dungeon Overview and Level Annotations

Branches:
Dungeon (12/15)            Temple (1/1) D:6            Lair (0/6) D:8
    Orc (0/2) D:10         Bailey (visited)

Altars:
Ashenzari
Cheibriados
Dithmenos
Elyvilon
Fedhas
Gozag
Hepliaklqana
Kikubaaqudgha
Makhleb
Nemelex Xobeh
Okawaru
Qazlal
Ru
Sif Muna
Trog
Uskayaw
Vehumet
Wu Jian
Xom
Yredelemnul
Zin
The Shining One

Shops:
D:10 ?

Annotations:
D:4 1 runed translucent door, Dirian's ghost, novice MiFi
D:11 Rupert


Innate Abilities, Weirdness & Mutations

[Your magical capacity is very low. (-20% MP)]
[Potions are poor at restoring your health.]


Message History

Unknown command.
Unknown command.
Unknown command.
You feel much better. A chorus of shrieks assaults your mind.
The starspawn tentacle loses its grip on you.
The tentacle pulls you backwards!
The wretched star pulses with an eldritch light!
Your system partially rejects the healing effects of potions.
Your system mostly rejects the healing effects of potions.
Unknown command.
Unknown command.
Blink to where?
Press: ? - help, Dir - move target cursor
As you read the scroll of blinking, it crumbles to dust.
A tentacled starspawn comes into view.
The tentacled starspawn bites you!
* * * LOW HITPOINT WARNING * * *
The tentacled starspawn engulfs you!!
You die...

### ### ##..
..##
###...#X..# #
#....#@#....#
#......X.....##
#...#..XX.#...#
## #....X#..##
.*........#
...#..X#.*.#
##..##.##..##
#......X§.#
#......wX.#


You could see 5 starcursed masses, a tentacled starspawn and 2 wretched stars.

Vanquished Creatures
  A two-headed ogre (D:11)
  An orc knight (Bailey)
  An ugly thing (D:8)
  2 cyclopes
  A manticore (D:11)
  Psyche (D:8)
  A gargoyle (D:10)
  A troll (D:11)
  2 hippogriffs
  Sigmund (D:4)
  14 yaks
  2 hogs (D:7)
  A human (D:7)
  A steam dragon (D:8)
  4 wargs
  2 water moccasins
  An ice beast (D:11)
  Duvessa (D:5)
  Purgy (D:3)
  3 sky beasts
  A black bear (D:9)
  23 orc warriors
  An eye of draining (D:8)
  6 necrophages
  2 phantoms
  4 ogres
  A crocodile (D:11)
  6 centaurs
  7 bullfrogs
  Blork the orc (D:5)
  2 wyvern skeletons (D:11)
  5 scorpions
  Dowan (D:5)
  9 killer bees
  9 wights (D:11)
  2 bullfrog zombies
  4 crimson imps
  2 jellies
  9 orc priests
  6 hounds
  3 iguanas
  A bullfrog skeleton (D:5)
  4 centaur skeletons
  11 orc wizards
  Natasha (thrice) (D:3)
  4 worker ants
  2 hound zombies (D:6)
  Robin (D:4)
  3 gnolls (D:4)
  13 adders
  2 shadow imps
  An ooze (D:5)
  An adder zombie (D:6)
  A worm (D:4)
  3 dart slugs
  4 leopard geckos
  54 orcs
  3 ball pythons
  3 giant cockroaches
  17 goblins
  9 hobgoblins
  9 jackals
  11 kobolds
  3 quokkas
  6 bats
  8 frilled lizards
  A jackal zombie (D:6)
  A leopard gecko skeleton (D:7)
  3 leopard gecko zombies
  6 rats
334 creatures vanquished.

Vanquished Creatures (others)
  A bush (D:6)
  9 plants (D:6)
  A starspawn tentacle (Abyss:4)
11 creatures vanquished.

Grand Total: 345 creatures vanquished

Notes
Turn   | Place    | Note
-------+----------+-------------------------------------------
     0 | D:1      | protoss039 the Deep Elf Earth Elementalist began the quest
                  | for the Orb.
     0 | D:1      | Reached XP level 1. HP: 10/10 MP: 6/6
   167 | D:1      | Reached XP level 2. HP: 12/15 MP: 0/8
   801 | D:1      | Reached XP level 3. HP: 19/19 MP: 9/9
  1253 | D:1      | Learned a level 2 spell: Passwall
  1257 | D:1      | Learned a level 3 spell: Stone Arrow
  1925 | D:2      | Found a sparkling altar of Nemelex Xobeh.
  2055 | D:2      | Reached skill level 4 in Spellcasting
  2464 | D:3      | Reached XP level 4. HP: 24/24 MP: 8/12
  2848 | D:3      | Learned a level 4 spell: Petrify
  2938 | D:3      | Noticed Natasha
  3183 | D:3      | Found a sacrificial altar of Ru.
  3250 | D:3      | Killed Natasha
  3250 | D:3      | Reached skill level 5 in Spellcasting
  3250 | D:3      | Reached XP level 5. HP: 20/28 MP: 9/14
  3503 | D:3      | Reached skill level 5 in Earth Magic
  3792 | D:3      | Noticed Natasha
  3798 | D:3      | Killed Natasha
  4124 | D:3      | Noticed Purgy
  4212 | D:3      | Noticed Natasha
  4219 | D:3      | Killed Natasha
  4219 | D:3      | Reached skill level 6 in Spellcasting
  4247 | D:3      | Killed Purgy
  4247 | D:3      | Reached XP level 6. HP: 32/32 MP: 9/17
  4254 | D:3      | Learned a level 5 spell: Lee's Rapid Deconstruction
  4353 | D:3      | Noticed a +0 hand axe
  4353 | D:3      | Noticed a +0 dagger
  4357 | D:3      | Found a hide-covered altar of Uskayaw.
  4483 | D:4      | Noticed Sigmund
  4809 | D:4      | Killed Sigmund
  4809 | D:4      | Reached skill level 7 in Spellcasting
  4809 | D:4      | Reached XP level 7. HP: 24/36 MP: 5/20
  4934 | D:4      | Noticed Robin
  5164 | D:4      | Found a runed translucent door.
  5165 | D:4      | Noticed Dirian's ghost (novice MiFi)
  5311 | D:4      | Killed Robin
  5522 | D:4      | Found a snail-covered altar of Cheibriados.
  5586 | D:5      | Entered Level 5 of the Dungeon
  5595 | D:5      | Reached skill level 8 in Spellcasting
  5734 | D:5      | Reached skill level 1 in Conjurations
  6027 | D:5      | Noticed Blork the orc
  6033 | D:5      | Killed Blork the orc
  6150 | D:5      | Noticed Duvessa
  6150 | D:5      | Noticed Dowan
  6473 | D:5      | Killed Dowan
  6473 | D:5      | Reached skill level 9 in Spellcasting
  6665 | D:5      | Killed Duvessa
  6665 | D:5      | Reached XP level 8. HP: 30/41 MP: 10/23
  7360 | D:6      | Learned a level 3 spell: Mephitic Cloud
  7480 | D:6      | Reached skill level 10 in Spellcasting
  7480 | D:6      | Reached skill level 1 in Poison Magic
  7525 | D:6      | Reached skill level 1 in Air Magic
  7815 | D:6      | Found a staircase to the Ecumenical Temple.
  7905 | Temple   | Entered the Ecumenical Temple
  7919 | Temple   | Became a worshipper of Sif Muna the Loreminder
  8263 | D:6      | Found a blossoming altar of Fedhas.
  8372 | D:6      | Reached skill level 1 in Invocations
  8372 | D:6      | Reached skill level 1 in Fighting
  8402 | D:6      | Reached XP level 9. HP: 33/43 MP: 24/25
  8813 | D:7      | Reached * piety under Sif Muna
  9207 | D:7      | Reached skill level 11 in Spellcasting
  9807 | D:8      | Found a radiant altar of Vehumet.
  9912 | D:8      | Learned a level 3 spell: Inner Flame
  9959 | D:8      | Reached XP level 10. HP: 51/51 MP: 27/27
  9979 | D:8      | Learned a level 4 spell: Cause Fear
 10075 | D:8      | Noticed Psyche
 10081 | D:8      | Killed Psyche
 10081 | D:8      | Reached skill level 12 in Spellcasting
 10153 | D:8      | Reached skill level 1 in Hexes
 10168 | D:8      | Identified a scroll of acquirement
 10169 | D:8      | Acquired the +8 eveningstar "Conservator" {vamp, rN+ Str+4
                  | Stlth+}
 10286 | D:8      | Found a staircase to the Lair.
 10304 | D:8      | Found a shadowy altar of Dithmenos.
 10317 | D:8      | Reached skill level 1 in Fire Magic
 10999 | D:8      | Noticed a brown ugly thing
 11007 | D:8      | Killed a brown ugly thing
 11129 | D:8      | Reached ** piety under Sif Muna
 11129 | D:8      | Reached skill level 10 in Earth Magic
 11254 | D:8      | Acquired 2430 gold pieces
 11457 | D:9      | Found a flagged portal.
 11471 | Bailey   | Entered a bailey
 11560 | Bailey   | Reached skill level 5 in Conjurations
 11975 | Bailey   | Reached skill level 1 in Shields
 12331 | Bailey   | Reached skill level 13 in Spellcasting
 12331 | Bailey   | Reached skill level 5 in Invocations
 12346 | Bailey   | Noticed an orc knight
 12349 | Bailey   | Reached XP level 11. HP: 28/56 MP: 30/30
 12352 | Bailey   | Killed an orc knight
 12359 | Bailey   | Got an ebony executioner's axe
 12501 | Bailey   | Identified the +3 executioner's axe of the Magic Mushroom
                  | {venom, rF- Str+2 Int+9} (You found it in a bailey)
 12519 | D:9      | Reached *** piety under Sif Muna
 12967 | D:4      | Got an encrusted long sword
 12968 | D:4      | Identified the +6 long sword "Kino" {protect, rC+} (You
                  | found it on level 4 of the Dungeon)
 13115 | D:10     | Entered Level 10 of the Dungeon
 13540 | D:10     | Found a staircase to the Orcish Mines.
 13919 | D:10     | Found Qifelid's Magic Scroll Shop.
 13925 | D:10     | Bought a scroll of teleportation for 42 gold pieces
 13925 | D:10     | Bought a scroll of teleportation for 42 gold pieces
 13925 | D:10     | Bought a scroll of identify for 28 gold pieces
 13925 | D:10     | Bought a scroll of identify for 28 gold pieces
 13925 | D:10     | Bought a scroll of fear for 49 gold pieces
 13925 | D:10     | Bought a scroll of identify for 28 gold pieces
 13925 | D:10     | Bought 2 scrolls of identify for 56 gold pieces
 13925 | D:10     | Bought a scroll of blinking for 105 gold pieces
 14501 | D:11     | Reached **** piety under Sif Muna
 14623 | D:11     | Reached skill level 14 in Spellcasting
 14645 | D:11     | Noticed a two-headed ogre
 14648 | D:11     | Killed a two-headed ogre
 14653 | D:11     | Reached skill level 5 in Fighting
 14946 | D:11     | Reached XP level 12. HP: 47/64 MP: 25/32
 15556 | D:12     | Noticed Rupert
 15617 | D:11     | Cast into level 4 of the Abyss (Rupert)
 15667 | Abyss:4  | Noticed a starcursed mass
 15667 | Abyss:4  | Noticed a tentacled starspawn
 15667 | Abyss:4  | Noticed a starcursed mass
 15668 | Abyss:4  | Got an abyssal rune of Zot
 15674 | Abyss:4  | Noticed a tentacled starspawn
 15674 | Abyss:4  | Mangled by a tentacled starspawn

Illustrated notes

Levels and vault maps discovered:
D:1:      roderic_crop_circles_arrival_small, layout_basic, amethyst_killhole
D:2:      layout_basic, hex_medium, nemelex_altar_shiori
D:3:      layout_loops_cross, dancing_weapons_uskayaw, first_ration,
          nicolae_ru_the_path_less_chosen, uniq_natasha, uniq_purgy
D:4:      layout_cave_pools, kennysheep_mini_moat,
          ebering_ghost_reflecting_pool, uniq_robin, uniq_sigmund
D:5:      layout_basic, uniq_duvessa, uniq_blork_the_orc
D:6:      layout_loops_cross, temple_fountains, fedhas_altar_decomposition
D:7:      layout_basic, grunt_livestock
D:8:      cheibrodos_barr_body, layout_basic, old_standard_altar,
          grunt_dithmenos_smoke_and_mirrors, erik_lair_orcish_takeover,
          small_chamber_with_monster, uniq_psyche
D:9:      layout_rooms, enter_bailey_2
D:10:     layout_cave_pods, minmay_orc_entry_guard_dogs, serial_shops,
          nicolae_shop_temple_entry_statues_fountains, grunt_decor_cap
D:11:     layout_gridville, gauntlet_entry_generic, kennysheep_nondescript,
          minivault_26
D:12:     layout_basic, serial_shops, shop, uniq_rupert
Temple:   compressed_dpeg_circular_temple
Abyss:4:  base: Gauntlet, nicolae_abyss_rune_star_stuff,
          evilmike_abyss_exit_chaos, nicolae_abyss_rune_star_stuff

Skill      XL: |  1  2  3  4  5  6  7  8  9 10 11 |
---------------+----------------------------------+-----
Stealth        | 3 |  3.0
Dodging        | 3 |  3.0
Earth Magic    | 4 5 6 7 8 9 10 11 | 11.6
Spellcasting   | 4 5 6 7 9 10 11 13 14 | 14.4
Conjurations   | 1 3 4 5 |  5.4
Poison Magic   | 1 2 |  2.0
Air Magic      | 1 2 |  2.0
Invocations    | 1 3 5 6 |  6.4
Fighting       | 1 2 3 5 |  5.2
Transmutations | 2 |  2.0
Hexes          | 3 4 |  4.0
Fire Magic     | 2 |  2.0
Shields        | 1 4 |  4.0

Action                   |  1- 3 |  4- 6 |  7- 9 | 10-12 || total
-------------------------+-------+-------+-------+-------++-------
Melee: Unarmed           |     4 |       |       |       ||     4
       Whip              |     3 |       |       |       ||     3
       Dagger            |    60 |    26 |   125 |       ||   211
       Eveningstar       |       |       |       |    11 ||    11
       Executioner's axe |       |       |       |     6 ||     6
 Cast: Sandblast         |    45 |    57 |    62 |    35 ||   199
       Stone Arrow       |       |     7 |   102 |   121 ||   230
       Lee's Rapid Decon |       |       |    10 |    70 ||    80
       Petrify           |       |       |     2 |     2 ||     4
       Mephitic Cloud    |       |       |    11 |     3 ||    14
       Cause Fear        |       |       |       |     3 ||     3
       Passwall          |       |       |       |     1 ||     1
Evoke: Wand              |       |       |       |     3 ||     3
  Use: Scroll            |       |     2 |     3 |    15 ||    20
       Potion            |       |       |     1 |     3 ||     4
 Stab: Sleeping          |     9 |     3 |     1 |     3 ||    16
       Distracted        |       |       |     1 |       ||     1
  Eat: Chunk             |     4 |     8 |    11 |    19 ||    42
       Ration            |       |       |     2 |       ||     2
Armor: Robe              |    23 |     4 |    22 |    20 ||    69
Dodge: Dodged            |    71 |    35 |    65 |    58 ||   229
